 Dungeon Crawl Stone Soup version 0.24-a0-176-gc3651c4 (webtiles) character file.

Game seed: 17763922614472887735

4413 Lanoc the Grappler (level 10, 0/100 HPs)
             Began as a Troll Monk on Mar 12, 2019.
             Slain by a troll (13 damage)
             ... on level 9 of the Dungeon.
             The game lasted 00:11:36 (5764 turns).

Lanoc the Grappler (Troll Monk)                     Turns: 5764, Time: 00:11:37

Health: 0/100      AC: 11    Str: 21    XL:     10   Next: 14%
Magic:  9/9        EV: 14    Int:  6    God:
Gold:   295        SH:  0    Dex: 15    Spells: 9/9 levels left

rFire    . . .     SeeInvis +     - Unarmed
rCold    . . .     Gourm    +   (no shield)
rNeg     . . .     Faith    .   a - +0 robe
rPois    .         Spirit   .   u - +2 hat {SInv}
rElec    .         Reflect  .   g - +1 cloak {MR+}
rCorr    .         Harm     .   (gloves unavailable)
MR       +....                  (boots unavailable)
Stlth    ++........             h - amulet of magic regeneration
HPRegen  0.66/turn              y - +1 ring of protection
MPRegen  0.36/turn              (no ring)

@: no status effects
A: large, unfitting armour, claws 3, fast metabolism 3, gourmand, regeneration
1, shaggy fur 1, tough skin 3
a: no special abilities


You were on level 9 of the Dungeon.
You were very full.

You visited 2 branches of the dungeon, and saw 10 of its levels.
You also visited: Sewer.

You collected 295 gold pieces.

Inventory:

Armour
 a - a +0 robe (worn)
 g - a +1 cloak of magic resistance (worn)
 u - a +2 hat of see invisible (worn)
Jewellery
 h - an amulet of magic regeneration (around neck)
 y - a +1 ring of protection (left claw)
Wands
 A - a wand of random effects (14)
 D - a wand of enslavement (6)
Scrolls
 e - a scroll of random uselessness {unknown}
 f - 2 scrolls of remove curse
 i - 2 scrolls of noise {unknown}
 j - a scroll of blinking {unknown}
 l - 2 scrolls of magic mapping {unknown}
 m - 2 scrolls of fear
 n - 3 scrolls of teleportation
 q - a scroll of enchant armour {unknown}
 t - a scroll of fog {unknown}
 v - 2 scrolls of holy word {unknown}
 C - a scroll of silence {unknown}
Potions
 c - a potion of haste {unknown}
 d - 3 potions of heal wounds {unknown}
 k - a potion of might {unknown}
 o - 3 potions of curing
 p - a potion of flight {unknown}
 r - 2 potions of agility
 s - 2 potions of invisibility
 w - a potion of lignification {unknown}
 x - a potion of degeneration {unknown}
 z - a potion of magic {unknown}
 B - a potion of experience {unknown}
Comestibles
 b - 14 rations


   Skills:
 + Level 6.6 Fighting
 + Level 6.6 Dodging
 - Level 1.0 Stealth
 * Level 10.8 Unarmed Combat


You had 9 spell levels left.
You didn't know any spells.
Your spell library contained the following spells:

 Spells                   Type           Power        Failure   Level  Hunger
 Summon Small Mammal      Summ           #...         45%         1    ##.....
 Call Imp                 Summ           #.......     58%         2    ###....
 Call Canine Familiar     Summ           #.......     83%         3    ####...
 Summon Guardian Golem    Hex/Summ       #.......     83%         3    ####...
 Summon Ice Beast         Ice/Summ       #.......     99%         4    #####..
 Summon Lightning Spire   Summ/Air       #.......     99%         4    #####..


Dungeon Overview and Level Annotations

Branches:
Dungeon (9/15)             Temple (1/1) D:5
   Lair: D:8-11         Orc: D:9-12

Altars:
Ashenzari
Cheibriados
Dithmenos
Elyvilon
Fedhas
Gozag
Hepliaklqana
Kikubaaqudgha
Makhleb
Nemelex Xobeh
Qazlal
Ru
Sif Muna
Trog
Uskayaw
Vehumet
Xom
Yredelemnul
Zin

Annotations:
D:4 Blork the orc


Innate Abilities, Weirdness & Mutations

You are too large for most types of armour.
You have claws for hands.
Your metabolism is lightning-fast.
You like to eat raw meat.
Your natural rate of healing is unusually fast.
You are covered in fur. (AC +1)
You have extremely tough skin. (AC +3)


Message History

You are too injured to fight recklessly!
You scratch the troll but do no damage. The troll bites you!
* * * LOW HITPOINT WARNING * * *
The troll barely misses you. The troll claws you but does no damage.
You mangle the troll!!
The troll is severely wounded.
You closely miss the troll. Your claw misses the troll.
The troll is severely wounded.
The troll bites you.
* * * LOW HITPOINT WARNING * * *
The troll closely misses you. The troll claws you but does no damage.
You claw the troll!
The troll is almost dead.
The troll barely misses you. The troll claws you!
* * * LOW HITPOINT WARNING * * *
The troll claws you but does no damage.
You barely miss the troll.
The troll is almost dead.
The troll bites you!
You die...

#.. #.. ..#.# #.. #.#
#.#.# #.. #.# #.... #..
#.# #...# #.< #.# #...#
###.. #.# #.#.# #....
#T# #...### #..... .
#@###.....###..###
....##.##..........##
#..................###
#..###)###......###....
#. .......#..#.# #####
..#..####..##.#######
## #.## #.###........
#. #.# #.######. #. ...
#.# #.


You could see a troll.

Vanquished Creatures
  A two-headed ogre (D:9)
  Pikel (D:6)
  A hippogriff (D:9)
  Grum (D:8)
  An orc warrior (D:6)
  3 sky beasts
  2 slaves (D:6)
  A necrophage (D:7)
  A phantom (D:4)
  4 centaurs
  4 wolves (D:8)
  2 bullfrogs
  A wyvern zombie (D:6)
  A scorpion (D:6)
  A wyvern skeleton (D:9)
  6 killer bees (D:8)
  4 wights (D:8)
  2 howler monkeys (D:5)
  5 crimson imps
  3 bullfrog zombies
  3 jellies
  Crazy Yiuf (D:4)
  A centaur skeleton (D:8)
  2 orc priests (D:6)
  4 hounds
  An orc wizard (D:6)
  2 iguanas
  6 worker ants
  A hound skeleton (D:5)
  A howler monkey skeleton (D:7)
  13 adders
  3 shadow imps
  2 oozes
  An adder skeleton (D:4)
  2 worms (D:4)
  A dart slug (D:4)
  7 leopard geckos
  15 orcs
  3 giant cockroaches
  A hobgoblin (D:3)
  6 jackals
  11 kobolds
  3 quokkas
  A bat (D:1)
  2 frilled lizards
  2 leopard gecko skeletons
  A quokka skeleton (D:4)
  3 plants (Sewer)
144 creatures vanquished.

Vanquished Creatures (others)
  A slave (D:6)
1 creature vanquished.

Grand Total: 145 creatures vanquished

Notes
Turn   | Place    | Note
-------+----------+-------------------------------------------
     0 | D:1      | Lanoc the Troll Monk began the quest for the Orb.
     0 | D:1      | Reached XP level 1. HP: 22/22 MP: 0/0
   197 | D:3      | Reached XP level 2. HP: 29/29 MP: 1/1
   214 | D:4      | Found a shimmering altar of Xom.
   293 | D:4      | Found a runed translucent door.
   294 | D:4      | Noticed Crazy Yiuf
   302 | D:4      | Killed Crazy Yiuf
   302 | D:4      | Reached XP level 3. HP: 20/36 MP: 2/2
   394 | D:4      | Reached skill level 4 in Unarmed Combat
   408 | D:4      | Reached XP level 4. HP: 39/44 MP: 3/3
   480 | D:4      | Found a glowing drain.
   499 | Sewer    | Entered a sewer
   707 | Sewer    | Reached XP level 5. HP: 49/53 MP: 4/4
  1293 | D:4      | Noticed Blork the orc
  1318 | D:4      | Found a deep blue altar of Sif Muna.
  1374 | D:4      | Found a stormy altar of Qazlal.
  1549 | D:4      | Noticed a phantom
  1562 | D:4      | Killed a phantom
  1562 | D:4      | Reached skill level 5 in Unarmed Combat
  1788 | D:5      | Entered Level 5 of the Dungeon
  1794 | D:5      | Reached XP level 6. HP: 61/61 MP: 5/5
  1823 | D:5      | Noticed a sky beast
  1834 | D:5      | Killed a sky beast
  1859 | D:5      | Noticed a sky beast
  1880 | D:5      | Killed a sky beast
  1956 | D:5      | Reached skill level 6 in Unarmed Combat
  1957 | D:5      | Reached XP level 7. HP: 68/68 MP: 6/6
  2056 | D:5      | Found a sparkling altar of Nemelex Xobeh.
  2518 | D:5      | Found a staircase to the Ecumenical Temple.
  2527 | Temple   | Entered the Ecumenical Temple
  2771 | D:6      | Noticed Pikel
  2786 | D:6      | Killed Pikel
  2786 | D:6      | Reached skill level 7 in Unarmed Combat
  2786 | D:6      | Reached XP level 8. HP: 47/79 MP: 7/7
  2842 | D:6      | Reached skill level 5 in Fighting
  2842 | D:6      | Reached skill level 8 in Unarmed Combat
  2906 | D:6      | Found a shattered altar of Ashenzari.
  2947 | D:6      | Reached skill level 5 in Dodging
  3215 | D:6      | Reached XP level 9. HP: 88/88 MP: 8/8
  3475 | D:7      | Reached skill level 9 in Unarmed Combat
  3765 | D:7      | Found a bloodstained altar of Trog.
  4147 | D:7      | Found a radiant altar of Vehumet.
  4147 | D:7      | Found an ancient bone altar of Kikubaaqudgha.
  4563 | D:8      | Found a sparkling altar of Nemelex Xobeh.
  5156 | D:8      | Noticed Grum
  5169 | D:8      | Killed Grum
  5178 | D:8      | Reached skill level 10 in Unarmed Combat
  5738 | D:9      | Noticed a two-headed ogre
  5752 | D:9      | Noticed a troll
  5754 | D:9      | Killed a two-headed ogre
  5754 | D:9      | Reached XP level 10. HP: 60/100 MP: 9/9
  5764 | D:9      | Slain by a troll

Levels and vault maps discovered:
D:1:      minmay_arrival_three_doors, layout_loops_ring,
          hangedman_feature_mirror, grunt_decor_mini_mirrors
D:2:      layout_basic, old_standard_altar, marbit_many_paths, glass_columns_a
D:3:      layout_basic, gammafunk_temple_overflow_arena, first_ration,
          lemuel_altar_in_water, uniq_natasha
D:4:      layout_loops_ring, overflow_temple_1_default, kennysheep_mini,
          tgw_sif, cheibrodos_sewer_entry_bend, hex_large,
          kennysheep_cluttered_room, minmay_fractal_squares_gapless_5,
          uniq_crazy_yiuf_cottage
D:5:      layout_basic, kennysheep_little_box, temple_hall,
          chequers_serial_rivers_room_b
D:6:      layout_loops_ring, evilmike_ruin_ashenzari, uniq_pikel
D:7:      layout_layer_cave, lemuel_round_altar, gammafunk_temple_overflow_wave,
          lemuel_flame_loot_1
D:8:      layout_basic, basic_altar, hangedman_abyss_or_decor_clamps, uniq_grum
D:9:      layout_rooms
Temple:   jpeg_temple_clearing
Sewer:    sewer_co_scattered_pipes

Skill      XL: |  1  2  3  4  5  6  7  8  9 |
---------------+----------------------------+-----
Unarmed Combat | 4 5 6 7 8 10 | 10.8
Fighting       | 3 4 5 6 |  6.6
Dodging        | 3 4 5 6 |  6.6
Stealth        | |  1.0

Action                   |  1- 3 |  4- 6 |  7- 9 | 10-12 || total
-------------------------+-------+-------+-------+-------++-------
Melee: Unarmed           |    37 |   174 |   325 |     8 ||   544
       Punch             |       |     5 |    12 |       ||    17
  Use: Scroll            |     3 |       |     4 |       ||     7
 Stab: Sleeping          |       |       |     7 |       ||     7
       Distracted        |       |       |     2 |       ||     2
  Eat: Chunk             |     3 |    22 |    33 |       ||    58
Armor: Robe              |    12 |    37 |    97 |     4 ||   150
Dodge: Dodged            |     9 |    63 |   184 |     6 ||   262

Table legend:
 A = Non-vault XP
 B = Vault XP
 C = Vault XP percentage of total XP
 D = Non-vault monster count
 E = Vault monster count
 F = Vault count percentage of total count
                 A         B        C        D         E       F
            +---------+---------+-------+---------+---------+-------
      Total |    4739 |    1566 |  24.8 |     105 |      34 |  24.5
            +---------+---------+-------+---------+---------+-------
        D:1 |       1 |       0 |   0.0 |       1 |       0 |   0.0
        D:2 |       5 |       0 |   0.0 |       2 |       0 |   0.0
        D:3 |      15 |       0 |   0.0 |       2 |       0 |   0.0
        D:4 |     104 |     177 |  63.0 |      17 |       9 |  34.6
        D:5 |     656 |       0 |   0.0 |      15 |       0 |   0.0
        D:6 |    1110 |     663 |  37.4 |      27 |       1 |   3.6
        D:7 |     452 |       0 |   0.0 |      10 |       0 |   0.0
        D:8 |    1000 |     651 |  39.4 |      20 |       5 |  20.0
        D:9 |    1396 |       0 |   0.0 |      11 |       0 |   0.0
      Sewer |       0 |      75 | 100.0 |       0 |      19 | 100.0
            +---------+---------+-------+---------+---------+-------
